 Dungeon Crawl Stone Soup version 0.29-a0-380-gf50f0a9fbc (webtiles) character file.

Game seed: 12072466360938988573

207 siradein the Grave Robber (level 5, -1/30 HPs)
             Began as a Vampire Necromancer on May 5, 2022.
             Slain by a necrophage (3 damage)
             ... on level 3 of the Dungeon.
             The game lasted 00:15:41 (3477 turns).

siradein the Grave Robber (Vampire Necromancer)     Turns: 3477, Time: 00:15:42

Health: -1/30      AC:  2    Str:  7    XL:     5   Next: 54%
Magic:  9/9        EV: 13    Int: 20    God:
Gold:   172        SH:  0    Dex: 14    Spells: 2/10 levels left

rFire   . . .      SeeInvis +   e - +1 dagger (speed)
rCold   + + .      Faith    .   (no shield)
rNeg    + + +      Spirit   .   a - +0 robe
rPois   ∞          Reflect  .   (no helmet)
rElec   .          Harm     .   (no cloak)
rCorr   .          Rampage  .   (no gloves)
Will    +....                   (no boots)
Stlth   ++++......              (no amulet)
HPRegen 0.00/turn               j - ring of willpower
MPRegen 0.11/turn               (no ring)

@: bloodless, inhibited regen
A: bloodless, fangs 3, see invisible, vampiric 2
a: Bat Form, Revivify


You were on level 3 of the Dungeon.
You visited 1 branch of the dungeon, and saw 3 of its levels.
You also visited: Sewer.

You collected 172 gold pieces.

Inventory:

Hand Weapons
 e - a +1 dagger of speed (weapon)
Armour
 a - a +0 robe (worn)
Jewellery
 j - a ring of willpower (left hand)
Scrolls
 c - a scroll of vulnerability {unknown}
 f - a scroll of brand weapon {unknown}
 g - 2 scrolls of magic mapping {unknown}
 k - a scroll of identify {unknown}
 m - 4 scrolls of teleportation
 n - 2 scrolls of fog
 p - a scroll of blinking {unknown}
 t - a scroll of summoning {unknown}
Potions
 b - a potion of magic
 d - a potion of attraction {unknown}
 h - 2 potions of curing {unknown}
 i - a potion of invisibility {unknown}
 l - a potion of degeneration {unknown}
 o - a potion of ambrosia {unknown}
 q - a potion of brilliance {unknown}
 r - a potion of lignification {unknown}
 s - 4 potions of flight


   Skills:
 + Level 2.2 Fighting
 + Level 3.6 Dodging
 - Level 3.0 Stealth
 + Level 3.1 Spellcasting
 + Level 5.3 Necromancy


You had 2 spell levels left.
You knew the following spells:

 Your Spells              Type           Power      Damage    Failure   Level
a - Pain                  Necr           96%        1d8       1%          1
b - Vampiric Draining     Necr           24%        2d7       4%          3
c - Animate Dead          Necr           12%        N/A       16%         4

Your spell library contained the following spells:

 Spells                   Type           Power      Damage    Failure   Level
 Animate Skeleton         Necr           48%        N/A       1%          1
 Magic Dart               Conj           12%        1d3       14%         1
 Ensorcelled Hibernation  Hex/Ice        6%         N/A       22%         2
 Searing Ray              Conj           6%         2d4       22%         2
 Spider Form              Tmut/Pois      3%         N/A       38%         3
 Agony                    Necr           24%        N/A       41%         5
 Anguish                  Hex/Necr       6%         N/A       43%         4
 Fulminant Prism          Conj/Hex       1%         3d6       80%         4


Dungeon Overview and Level Annotations

Branches:
Dungeon (3/15)              Sewer (visited)

Altars:

Annotations:
D:3 Terence


Innate Abilities, Weirdness & Mutations

You do not regenerate when monsters are visible.
You are frail without blood (-20% HP).
You can heal yourself when you bite living creatures.
You are immune to poison.
You have razor-sharp teeth.
You have supernaturally acute eyesight. (SInv)
You are afflicted with vampirism and can become a bat while bloodless.


Message History

The necrophage is heavily damaged.
You closely miss the necrophage.
The necrophage is heavily damaged.
The necrophage hits you.
You hit the necrophage.
The necrophage is severely damaged.
The necrophage hits you!
You are too injured to fight recklessly!
You are too injured to fight recklessly!
You are too injured to fight recklessly!
You are too injured to fight recklessly!
You hit the necrophage. Your bite misses the necrophage.
The necrophage is severely damaged.
You hit the necrophage.
The necrophage is severely damaged.
The necrophage misses you.
You closely miss the necrophage.
The necrophage is severely damaged.
The necrophage hits you.
* * * LOW HITPOINT WARNING * * *
You barely miss the necrophage.
The necrophage is severely damaged.
You hit the necrophage but do no damage.
You bite the necrophage.
The necrophage is severely damaged.
The necrophage barely misses you.
You closely miss the necrophage.
The necrophage is severely damaged.
The necrophage hits you.
* * * LOW HITPOINT WARNING * * *
You hit the necrophage. You bite the necrophage.
The necrophage is almost destroyed.
You hit the necrophage.
The necrophage is almost destroyed.
The necrophage hits you.
* * * LOW HITPOINT WARNING * * *
You hit the necrophage.
The necrophage is almost destroyed.
The necrophage hits you.
You die...

.>......#≈#........)
###.....#÷#.........
....................
..#.................
#.#.................
#.#.................
##.#.................
#....................
#...@................
#..n.................
##.####..............
#.# ######.........
#.# #.######## #.#
#.# #.# #.# #.# #.#
..# #.#


You could see a necrophage.

Vanquished Creatures
  A merfolk siren (Sewer)
  A merfolk avatar (Sewer)
  6 adders
  2 river rats (Sewer)
  A worm (D:2)
  A dart slug (D:3)
  9 ball pythons
  5 endoplasms
  5 giant cockroaches
  8 goblins
  3 hobgoblins (D:1)
  3 jackals (D:1)
  3 quokkas
  6 bats
  6 frilled lizards
  5 kobolds
  28 rats
93 creatures vanquished.

Notes
Turn   | Place    | Note
-------+----------+-------------------------------------------
     0 | D:1      | siradein the Vampire Necromancer began the quest for the
                  | Orb.
     0 | D:1      | Reached XP level 1. HP: 13/13 MP: 3/3
   219 | D:1      | Reached XP level 2. HP: 11/20 MP: 0/5
   663 | D:1      | Reached skill level 1 in Fighting
   741 | D:1      | Gained mutation: You are afflicted with vampirism and can
                  | become a bat while bloodless. [Vampire growth]
   741 | D:1      | Reached XP level 3. HP: 25/26 MP: 0/6
   989 | D:1      | Learned a level 3 spell: Vampiric Draining
  1171 | D:2      | Identified the +4 mace of Pitwecai {vamp, Int+3}
  1996 | D:3      | Reached XP level 4. HP: 22/32 MP: 1/7
  2058 | D:3      | Noticed Terence
  2060 | D:3      | Found a glowing drain.
  2085 | Sewer    | Entered a sewer
  2185 | Sewer    | Reached skill level 5 in Necromancy
  2427 | Sewer    | Reached XP level 5. HP: 30/30 MP: 1/9
  3412 | D:3      | Learned a level 4 spell: Animate Dead
  3477 | D:3      | Slain by a necrophage

Illustrated notes

Levels and vault maps discovered:
D:1:      dpeg_arrival_tiny_f, layout_loops_ring, nrook_mini_vaults,
          minivault_25, minmay_bisected
D:2:      layout_basic, serial_park_tiny_2
D:3:      layout_basic, mainiacjoe_overflow_cross_hatched,
          dreamdust_ecumenical_altar_hidden_monk_grotto, portal_sewer_entry_d,
          uniq_terence

Skill      XL: |  1  2  3  4  5 |
---------------+----------------+-----
Fighting       | 1 2 |  2.2
Dodging        | 3 |  3.6
Necromancy     | 5 |  5.3
Spellcasting   | 3 |  3.1
Stealth        | |  3.0

Action                   |  1- 3 |  4- 6 || total
-------------------------+-------+-------++-------
Melee: Unarmed           |    22 |       ||    22
       Bite              |     5 |     6 ||    11
       Dagger            |     3 |    82 ||    85
       Punch             |       |     1 ||     1
 Cast: Pain              |    80 |    92 ||   172
 Abil: Exsanguinate      |       |     1 ||     1
  Use: Scroll            |     1 |       ||     1
 Stab: Sleeping          |       |     1 ||     1
Armor: Robe              |     4 |    22 ||    26
Dodge: Dodged            |    30 |    10 ||    40

Table legend: (Time is in decaauts)
 A = Elapsed time spent in this place.
 B = Non-inter-level travel time spent in this place.
 C = Inter-level travel time spent in this place.
 D = Time resting spent in this place.
 E = Time spent auto-exploring this place.
 F = Levels seen in this place.
 G = Mean time per level.
                   A        B        C        D        E       F      G
               +--------+--------+--------+--------+--------+-----+--------+
         Total |   3506 |   3449 |     57 |     41 |   2712 |   4 |  876.5 |
       Dungeon |   2452 |   2395 |     57 |     41 |   1921 |   3 |  817.3 |
         Sewer |   1053 |   1053 |      0 |      0 |    791 |   1 | 1053.0 |
               +--------+--------+--------+--------+--------+-----+--------+

Top non-repeatable levels by time:
     D:1: 1148 daAuts
   Sewer: 1053 daAuts
     D:2: 835 daAuts
     D:3: 468 daAuts
